 Dungeon Crawl Stone Soup version 0.20.1-1-g8b1a95d (webtiles) character file.

207 Irenicus the Insei (level 5, 0/36 HPs)
             Began as an Octopode Chaos Knight on Oct 9, 2017.
             Killed by the capriciousness of Xom (9 damage)
             ... on level 3 of the Dungeon.
             The game lasted 00:05:26 (2370 turns).

Irenicus the Insei (Octopode Chaos Knight)          Turns: 2370, Time: 00:05:27

Health: 0/36       AC:  1    Str: 12    XL:     5   Next: 85%
Magic:  5/5        EV: 13    Int: 14    God:    Xom [..*...]
Gold:   133        SH:  0    Dex: 12    Spells: 4/4 levels left

rFire    . . .     SeeInvis .     - Unarmed
rCold    . . .     Gourm    .   (no shield)
rNeg     . . .     Faith    .   (helmet restricted)
rPois    .         Spirit   .   (no amulet)
rElec    .         Reflect  .   (no ring)
rCorr    .         Harm     .   (no ring)
MR       .....                  (no ring)
Stlth    +++.......             (no ring)
Regen    0.2/turn               (no ring)
MPRegen  0.1/turn               (no ring)
                                (no ring)
                                (no ring)

@: no status effects
A: almost no armour, stealthy swim, amphibious, 8 rings, constrict 8, camouflage
1, gelatinous body 1
a: Renounce Religion


You were on level 3 of the Dungeon.
You worshipped Xom.
You were a BORING thing.
You were not hungry.

You visited 1 branch of the dungeon, and saw 3 of its levels.

You collected 133 gold pieces.

Inventory:

Jewellery
 b - an uncursed amulet of harm {unknown}
Wands
 p - a wand of flame (25/48)
 t - a wand of polymorph (11/24)
Scrolls
 d - a scroll of magic mapping {unknown}
 e - 2 scrolls of recharging {unknown}
 h - 3 scrolls of identify
 l - 2 scrolls of teleportation {unknown}
 q - a scroll of immolation {unknown}
 r - a scroll of blinking {unknown}
 u - a scroll of fog {unknown}
Potions
 c - 2 potions of heal wounds
 g - 2 potions of curing {unknown}
 i - a potion of mutation {unknown}
 k - a potion of lignification {unknown}
 m - 3 potions of brilliance {unknown}
 o - a potion of ambrosia {unknown}
 s - a potion of might {unknown}
Comestibles
 a - 6 bread rations
 f - 2 meat rations
 j - 2 royal jellies
 n - 3 fruits
 v - 2 chunks of flesh


   Skills:
 - Level 3.0 Fighting
 - Level 2.3 Dodging
 + Level 4.0 Stealth
 + Level 5.5 Unarmed Combat


You had 4 spell levels left.
You didn't know any spells.

Dungeon Overview and Level Annotations

Branches:
Dungeon (3/15)

Altars:
Cheibriados


Innate Abilities, Weirdness & Mutations

You cannot wear most types of armour.
You are very stealthy in the water. (Stealth+)
You are amphibious.
You can wear up to eight rings at the same time.
You can use your tentacles to constrict eight enemies at once.
Your skin changes colour to match your surroundings (Stealth+).
Your rubbery body absorbs attacks. (AC +1, EV +1)


Message History

You start resting.
Eating one of 3 chunks of flesh.
You eat one of the 3 chunks of flesh.
This raw flesh tastes terrible.
A kobold comes into view. It is wielding a mace.
You tentacle-slap the kobold. Your grab misses the kobold.
The kobold is moderately wounded.
The kobold hits you with a mace.
* * * LOW HITPOINT WARNING * * *
You closely miss the kobold. Your grab misses the kobold.
Your squeeze misses the kobold.
The kobold is moderately wounded.
You tentacle-slap the kobold.
You kill the kobold!
You start resting.
Xom is getting BORED.
You start resting.
You are now a BORING thing.
Xom's power touches on you for a moment.
Heat is drained from your body!
You die...
Xom roars with laughter!

####### ###.....######## ######
........).)....# #.....
###....######)# #..... #.....#
#@###### #..... #....##
#).....######..†..
.................#8#......'.....
.....#.#.S...###.#.#.....##.....
.#####. ..ooo# #.#.#.....#......
#' .o...# #.#.#.....#...... . ..
###### #.#>#..##.#.##'#. ....
####.#_#..##.#.##<#. ....
#....###.###.#.####.


There were no monsters in sight!

Vanquished Creatures
  An orc wizard (D:3)
  Terence (D:2)
  6 adders
  A gnoll (D:1)
  3 worms
  A dart slug (D:1)
  4 leopard geckos
  4 orcs (D:3)
  2 giant cockroaches (D:1)
  4 goblins
  7 hobgoblins
  9 jackals
  4 bats
  3 frilled lizards
  12 kobolds
  11 rats
73 creatures vanquished.

Notes
Turn   | Place    | Note
-------+----------+-------------------------------------------
     0 | D:1      | Irenicus the Octopode Chaos Knight began the quest for the Orb.
     0 | D:1      | Reached XP level 1. HP: 16/16 MP: 1/1
    70 | D:1      | Reached XP level 2. HP: 18/21 MP: 2/2
   332 | D:1      | Reached skill level 4 in Unarmed Combat
   524 | D:1      | Reached XP level 3. HP: 25/26 MP: 3/3
   659 | D:1      | Reached skill level 1 in Stealth
   923 | D:2      | Reached XP level 4. HP: 31/31 MP: 4/4
  1088 | D:2      | Noticed Terence
  1098 | D:2      | Killed Terence
  1098 | D:2      | Reached skill level 5 in Unarmed Combat
  1102 | D:2      | XOM: harmless Chrm miscast
  1150 | D:3      | XOM: harmless Summ miscast
  1389 | D:2      | Reached XP level 5. HP: 36/36 MP: 5/5
  1404 | D:2      | XOM: mild Summ miscast
  1912 | D:2      | XOM: god gift: amethyst potion {god gift}
  2080 | D:3      | Found a snail-covered altar of Cheibriados.
  2107 | D:3      | XOM: smoke on damage
  2159 | D:3      | XOM is BORED!
  2159 | D:3      | XOM: mild Tloc miscast
  2370 | D:3      | XOM is BORED!
  2370 | D:3      | XOM: medium Ice miscast
  2370 | D:3      | Killed by the capriciousness of Xom

Skill      XL: |  1  2  3  4  5 |
---------------+----------------+-----
Unarmed Combat | 4 5 |  5.5
Stealth        | 1 2 4 |  4.0
Fighting       | |  3.0
Dodging        | |  2.3

Action                   |  1- 3 |  4- 6 || total
-------------------------+-------+-------++-------
Melee: Unarmed           |    79 |    94 ||   173
       Constrict         |    20 |    21 ||    41
       Tentacles         |    14 |    15 ||    29
       Punch             |     1 |     2 ||     3
  Use: Scroll            |       |     1 ||     1
 Stab: Sleeping          |     4 |    13 ||    17
  Eat: Chunk             |       |     5 ||     5
Armor: Skin              |    11 |     4 ||    15
Dodge: Dodged            |    52 |    40 ||    92
